 Dungeon Crawl Stone Soup version 0.28.0-53-g5a82cb258f (webtiles) character file.

Game seed: 14233557917519124939

1 KleinerIrrer the Grasshopper (level 1, 0/16 HPs)
             Began as a Formicid Warper on Aug 20, 2022.
             Slain by a hobgoblin (4 damage)
             ... on level 1 of the Dungeon.
             The game lasted 00:00:16 (51 turns).

KleinerIrrer the Grasshopper (Formicid Warper)        Turns: 51, Time: 00:00:17

Health: 0/16       AC:  3    Str: 15    XL:     1   Next: 22%
Magic:  3/3        EV: 11    Int: 12    God:
Gold:   0          SH:  0    Dex: 10    Spells: 4/4 levels left

rFire   . . .      SeeInvis +   a - +0 mace
rCold   . . .      Faith    .   (no shield)
rNeg    . . .      Spirit   .   b - +0 leather armour
rPois   .          Reflect  .   (helmet unavailable)
rElec   .          Harm     .   (no cloak)
rCorr   .          Rampage  .   (no gloves)
Will    .....                   (no boots)
Stlth   +.........              (no amulet)
HPRegen 0.05/turn               (no ring)
MPRegen 0.08/turn               (no ring)

@: no status effects
A: permanent stasis, dig shafts and tunnels, antennae 3, four strong arms
a: Dig, Shaft Self


You were on level 1 of the Dungeon.
You visited 1 branch of the dungeon, and saw 1 of its levels.

Inventory:

Hand Weapons
 a - a +0 mace (weapon)
Missiles
 c - 5 boomerangs of dispersal (quivered)
Armour
 b - a +0 leather armour (worn)


   Skills:
 - Level 2.1 Fighting
 + Level 2.1 Maces & Flails
 - Level 1.0 Throwing
 - Level 1.1 Armour
 - Level 1.7 Dodging
 - Level 2.1 Spellcasting
 - Level 2.6 Translocations


You had 4 spell levels left.
You didn't know any spells.
Your spell library contained the following spells:

 Spells                   Type           Power      Damage    Failure   Level
 Gell's Gravitas          Tloc           7%         N/A       32%         3
 Lesser Beckoning         Tloc           7%         N/A       32%         3
 Teleport Other           Tloc           7%         N/A       32%         3
 Ensorcelled Hibernation  Hex/Ice        2%         N/A       45%         2
 Passwall                 Tmut/Erth      0%         N/A       45%         2
 Manifold Assault         Tloc           7%         N/A       97%         5
 Blink                    Tloc           Unusable   N/A       N/A         2
 Swiftness                Air            Unusable   N/A       N/A         3

Dungeon Overview and Level Annotations

Branches:
Dungeon (1/15)

Altars:


Innate Abilities, Weirdness & Mutations

You cannot be hasted, slowed, berserked, paralysed or teleported.
You can dig through walls and to a lower floor.
You have a pair of large antennae on your head. (SInv)
Your four strong arms can wield two-handed weapons with a shield.


Message History

Options error: Unknown tile: "felid_3# alternative vi bindings for colemak users." (~/.crawlrc:6) Welcome, KleinerIrrer the Formicid Warper.
They say the Orb of Zot lies within this dungeon, but they say a lot of things.
Press ? for a list of commands and other information.
Found a staircase leading out of the dungeon.
You pick up a book of Burglary and begin reading...
You add the spells Passwall and Ensorcelled Hibernation to your library.
As you open the gate, it creaks loudly!
There is an open gate here.
A hobgoblin comes into view.
A hobgoblin comes into view.
Found a stone staircase leading down.
The hobgoblin closely misses you.
You closely miss the hobgoblin. The hobgoblin closely misses you.
You barely miss the hobgoblin. The hobgoblin hits you. x2
You barely miss the hobgoblin. The hobgoblin barely misses you. x3
The hobgoblin hits you.
You hit the hobgoblin.
The hobgoblin is heavily wounded.
The hobgoblin hits you. x2
You are too injured to fight recklessly!
You barely miss the hobgoblin. The hobgoblin completely misses you.
The hobgoblin closely misses you.
You hit the hobgoblin.
The hobgoblin is moderately wounded.
The hobgoblin misses you.
You barely miss the hobgoblin.
The hobgoblin is moderately wounded.
The hobgoblin hits you.
You sock the hobgoblin!
You kill the hobgoblin!
You hit the hobgoblin.
The hobgoblin is almost dead.
The hobgoblin hits you.
* * * LOW HITPOINT WARNING * * *
You hit the hobgoblin but do no damage.
The hobgoblin is almost dead.
The hobgoblin hits you.
You die...

########### ###########
#.........# #≈≈≈≈..P♣P
#.........##. #≈≈≈≈....#
#.........>.. #≈≈≈.....####
#............
#≈≈≈..♣...'.####............
#≈≈≈......'..@g.............
#≈≈≈≈.....'.####............
#≈≈≈≈...P#### #......!.....
#≈≈≈.....## #............
#≈≈≈......# ##########...
#≈≈≈≈....♣# .. #≈≈≈≈....♣# .
#≈≈≈.....P# #≈≈.......#


You could see a hobgoblin.

Vanquished Creatures
  A hobgoblin (D:1)
1 creature vanquished.

Notes
Turn   | Place    | Note
-------+----------+-------------------------------------------
     0 | D:1      | KleinerIrrer the Formicid Warper began the quest for the
                  | Orb.
     0 | D:1      | Reached XP level 1. HP: 16/16 MP: 3/3
    51 | D:1      | Slain by a hobgoblin

Illustrated notes

Levels and vault maps discovered:
D:1:      kennysheep_arrival_seaside, layout_rooms, chequers_jeans

Action                   || total
-------------------------++-------
Melee: Mace              ||    10
Dodge: Dodged            ||     8
